 Dungeon Crawl Stone Soup version 0.29.0-13-gc9e81de378 (webtiles) character file.

Game seed: 8239286709059064659

3133 lmSkywalker the Zephyrmancer (level 9, -3/52 HPs)
             Began as a Tengu Summoner on Sept 8, 2022.
             Was a Follower of the Shining One.
             Slain by a wolf (4 damage)
             ... in a bailey on Sept 9, 2022.
             The game lasted 00:56:34 (10703 turns).

lmSkywalker the Zephyrmancer (Tengu Summoner)      Turns: 10703, Time: 00:56:34

Health: -3/52      AC:  6    Str:  8    XL:     9   Next: 92%
Magic:  19/21      EV: 16    Int: 17    God:    the Shining One [*.....]
Gold:   224        SH:  0    Dex: 18    Spells: 11/23 levels left

rFire   . . .      SeeInvis +   f - +0 scythe (flame)
rCold   . . .      Faith    .   (shield currently unavailable)
rNeg    . . .      Spirit   .   u - +2 leather armour {Will+}
rPois   .          Reflect  .   g - +0 hat
rElec   .          Harm     .   (no cloak)
rCorr   .          Rampage  +   a - +0 pair of gloves "Hom Nut" {Rampage}
Will    +....                   (boots unavailable)
Stlth   +.........              E - amulet of magic regeneration
HPRegen 0.17/turn               j - ring of wizardry
MPRegen 0.57/turn               v - ring of see invisible

@: flying quickly and evasively, glowing, quick
A: beak, talons 3, nimble flight
a: Renounce Religion, Divine Shield


You were in a bailey.
You worshipped the Shining One.
The Shining One was aware of your devotion.
You visited 2 branches of the dungeon, and saw 9 of its levels.
You also visited: Bailey.

You collected 296 gold pieces.
You spent 72 gold pieces at shops.

Inventory:

Hand Weapons
 f - a +0 scythe of flaming (weapon)
 n - a +2 vampiric dagger
 z - a +0 spear
Missiles
 k - 6 javelins
 w - 8 poisoned darts
 A - 3 boomerangs
 G - 2 throwing nets
Armour
 a - the +0 pair of gloves "Hom Nut" (worn) {Rampage}
   (You found it on level 6 of the Dungeon)

   Rampage:   It bestows one free step when moving towards enemies.
 g - a +0 hat (worn)
 r - the +1 leather armour of Complete Protection {Harm Will+ Int+3 Stlth-}
   (You found it on level 3 of the Dungeon)

   Int:       It affects your intelligence (+3).
   Harm:      It increases damage dealt and taken.
   Will:      It increases your willpower.
   Stlth:     It makes you less stealthy.
 u - a +2 leather armour of willpower (worn)
Jewellery
 j - a ring of wizardry (left hand)
 m - a ring of protection from cold
 v - a ring of see invisible (right hand)
 E - an amulet of magic regeneration (around neck)
Wands
 C - a wand of mindburst (19)
Scrolls
 e - a scroll of noise {unknown}
 h - a scroll of acquirement {unknown}
 i - 2 scrolls of blinking
 l - a scroll of enchant weapon
 o - 2 scrolls of teleportation
 q - a scroll of amnesia {unknown}
 x - a scroll of poison {unknown}
 y - 3 scrolls of silence
 B - a scroll of enchant armour {unknown}
 D - a scroll of fear {unknown}
Potions
 b - a potion of magic
 c - 7 potions of curing
 d - 3 potions of haste
 p - 5 potions of heal wounds
 s - 2 potions of brilliance
 t - a potion of invisibility {unknown}
 F - a potion of lignification {unknown}


   Skills:
 + Level 4.7 Fighting
 + Level 1.4 Polearms
 + Level 5.2 Dodging
 - Level 2.0 Stealth
 + Level 7.6 Spellcasting
 - Level 7.7 Summonings
 - Level 2.0 Translocations
 - Level 8.2 Air Magic


You had 11 spell levels left.
You knew the following spells:

 Your Spells              Type           Power      Damage    Failure   Level
a - Summon Small Mammal   Summ           100%       N/A       1%          1
b - Summon Lightning Spi  Summ/Air       33%        N/A       2%          4
c - Call Canine Familiar  Summ           32%        N/A       1%          3
d - Blink                 Tloc           26%        N/A       4%          2
e - Call Imp              Summ           32%        N/A       1%          2

Your spell library contained the following spells:

 Spells                   Type           Power      Damage    Failure   Level
 Summon Guardian Golem    Hex/Summ       19%        N/A       4%          3
 Foxfire                  Conj/Fire      24%        2x1d5     6%          1
 Lesser Beckoning         Tloc           13%        N/A       9%          3
 Ensorcelled Hibernation  Hex/Ice        12%        N/A       10%         2
 Portal Projectile        Hex/Tloc       18%        N/A       13%         3
 Conjure Flame            Conj/Fire      6%         6-21      19%         3
 Inner Flame              Hex/Fire       6%         N/A       19%         3
 Spider Form              Tmut/Pois      6%         N/A       19%         3
 Anguish                  Hex/Necr       3%         N/A       52%         4
 Flame Wave               Conj/Fire      6%         2d5       52%         4
 Leda's Liquefaction      Hex/Erth       3%         N/A       52%         4
 Manifold Assault         Tloc           13%        N/A       58%         5


Dungeon Overview and Level Annotations

Branches:
Dungeon (8/15)             Temple (1/1) D:5          Bailey (1/1)
   Lair: D:8-11

Altars:
Cheibriados
Elyvilon
Fedhas
Gozag
Hepliaklqana
Kikubaaqudgha
Makhleb
Okawaru
Qazlal
Sif Muna
Uskayaw
Vehumet
Wu Jian
Xom
Yredelemnul
Zin
The Shining One

Shops:
D:2 *   D:6 *

Annotations:
D:2 exclusion: 2 adders
D:4 Grinder


Innate Abilities, Weirdness & Mutations

You have a beak for a mouth.
You have claws for feet.
Your magical nature lets you fly swiftly and evasively.


Message History

Your hound bites the gnoll bouda.
The gnoll sergeant misses you.
Casting: Summon Small Mammal (safe; 1% risk of failure)
Confirm with . or Enter, or press ? or * to list all spells.
An electric hum fills the air.
The wolf bites your lightning spire but does no damage.
Your hound closely misses the gnoll bouda.
The wolf bites your lightning spire.
The gnoll bouda gazes fiercely through your hound!
Your hound looks weaker.
The wolf bites you.
* * * LOW HITPOINT WARNING * * *
The wolf bites your lightning spire!
Your hound misses the gnoll bouda.
The gnoll sergeant hits you from afar with a +0 halberd!
* * * LOW HITPOINT WARNING * * *
The gnoll bouda barks out a call to the hunt!
The gnoll bouda picks up the pace!
The wolf bites your lightning spire but does no damage.
The gnoll sergeant is no longer moving quickly.
The wolf closely misses you.
The gnoll sergeant picks up the pace!
The wolf bites your lightning spire! The wolf closely misses you.
The gnoll sergeant hits your lightning spire but does no damage.
The gnoll sergeant is no longer moving quickly.
The gnoll is no longer moving quickly.
The wolf bites your lightning spire but does no damage.
Your lightning spire shoots out a bolt of lightning at the wolf!
The bolt of electricity hits the wolf! x2
The wolf dies!
The bolt of electricity hits your lightning spire.
Your lightning spire completely resists.
Something completely misses your hound. The wolf closely misses you.
The gnoll sergeant hits your lightning spire with a +0 glaive!
Your lightning spire is destroyed!
Your lightning spire disappears in a puff of smoke!
The gnolls pick up the pace!
The gnoll bouda completely misses your hound.
The wolf closely misses you. The wolf bites you.
You die...

♣≈###+# .. ♣≈#...#
... ♣≈#...## #...
♣≈#....## ....
♣≈#8....##+##....8
♣≈#.....#...#.....
♣≈##...)'...g....#
♣≈.##...#...# ##
♣@hg#####.).#####.
♣≈h..gggg.........
♣≈≈.§gh...g.......
♣♣≈≈≈≈≈≈≈≈≈≈≈≈≈≈≈≈
♣♣♣♣♣♣♣♣♣♣♣♣♣♣♣♣♣


You could see 3 gnoll sergeants, 2 wolves, a gnoll bouda (swift), 2 gnolls and a
friendly hound (summoned, weak).

Vanquished Creatures
  3 yaks
  A water moccasin (D:7)
  A black bear (D:6)
  2 sky beasts
  An ogre (D:5)
  A necrophage (D:6)
  2 wights (D:7)
  2 hounds (D:5)
  An orc priest (D:6)
  An iguana (D:6)
  An orc wizard (D:7)
  A white imp (D:5)
  An ufetubus (D:4)
  8 orcs
  A ball python (D:2)
  2 bats
  A giant cockroach (D:2)
  A goblin (D:3)
  A hobgoblin (D:3)
  A quokka (D:1)
  A frilled lizard (D:3)
34 creatures vanquished.

Vanquished Creatures (collateral kills)
  Sigmund (D:5)
  4 yaks
  Edmund (D:5)
  2 ice beasts
  A wolf (Bailey)
  2 phantoms (D:5)
  A necrophage (D:5)
  A gnoll sergeant (Bailey)
  2 wights (D:7)
  A jelly (D:7)
  4 hounds
  2 gnoll boudas (Bailey)
  An orc priest (D:6)
  An iguana (D:5)
  An orc wizard (D:6)
  3 gnolls (Bailey)
  2 adders
  A white imp (D:6)
  A worm (D:5)
  3 dart slugs
  18 orcs
  9 endoplasms
  2 giant cockroaches
  3 goblins
  4 hobgoblins
  A quokka (D:4)
  5 ball pythons
  5 bats
  A frilled lizard (D:2)
  7 kobolds
  5 rats
95 creatures vanquished.

Grand Total: 129 creatures vanquished

Notes
Turn   | Place    | Note
-------+----------+-------------------------------------------
     0 | D:1      | lmSkywalker the Tengu Summoner began the quest for the Orb.
     0 | D:1      | Reached XP level 1. HP: 10/10 MP: 4/4
   343 | D:1      | Reached skill level 5 in Summonings
   398 | D:1      | Reached XP level 2. HP: 8/15 MP: 0/6
   401 | D:1      | Learned a level 2 spell: Call Imp
  1036 | D:2      | Reached XP level 3. HP: 8/19 MP: 5/8
  1062 | D:2      | Learned a level 3 spell: Call Canine Familiar
  1229 | D:2      | Found Orryleiv's General Store.
  1236 | D:2      | Bought a scroll of teleportation for 36 gold pieces
  1236 | D:2      | Bought a potion of curing for 36 gold pieces
  1848 | D:3      | Identified the +1 leather armour of Complete Protection
                  | {Harm Will+ Int+3 Stlth-}
  2303 | D:3      | Reached XP level 4. HP: 24/24 MP: 4/9
  2796 | D:4      | Noticed Grinder
  3243 | D:4      | Reached skill level 1 in Fighting
  3597 | D:4      | Gained mutation: Your magical nature lets you fly swiftly
                  | and evasively. [Tengu growth]
  3597 | D:4      | Reached XP level 5. HP: 29/29 MP: 4/11
  3896 | D:5      | Entered Level 5 of the Dungeon
  3915 | D:5      | Found a basalt altar of Yredelemnul.
  3932 | D:5      | Learned a level 2 spell: Blink
  4006 | D:5      | Noticed a phantom
  4158 | D:5      | Noticed Sigmund
  4161 | D:5      | Noticed Edmund
  4331 | D:5      | Noticed a phantom
  4384 | D:5      | Noticed an ogre
  4392 | D:5      | Killed an ogre
  4393 | D:5      | Reached skill level 1 in Translocations
  4393 | D:5      | Reached XP level 6. HP: 35/35 MP: 7/12
  4639 | D:6      | Noticed a yak
  4642 | D:6      | Noticed a yak
  4657 | D:6      | Killed a yak
  4658 | D:6      | Reached XP level 7. HP: 40/40 MP: 4/14
  4660 | D:6      | Noticed a yak
  4842 | D:5      | Learned a level 4 spell: Summon Lightning Spire
  4891 | D:5      | Reached skill level 1 in Air Magic
  6261 | D:5      | Killed Sigmund
  6262 | D:5      | Reached skill level 2 in Air Magic
  6262 | D:5      | Reached XP level 8. HP: 48/48 MP: 7/16
  6271 | D:5      | Reached skill level 5 in Spellcasting
  6568 | D:5      | Killed Edmund
  6569 | D:5      | Reached skill level 3 in Air Magic
  6743 | D:5      | Found a staircase to the Ecumenical Temple.
  6973 | Temple   | Entered the Ecumenical Temple
  7191 | Temple   | Became a worshipper of the Shining One
  7471 | D:6      | Reached skill level 4 in Air Magic
  7522 | D:6      | Identified the +0 pair of gloves "Hom Nut" {Rampage}
  7537 | D:6      | Found Cumpeh's General Store.
  7778 | D:6      | Killed a yak
  7779 | D:6      | Reached skill level 5 in Air Magic
  7839 | D:6      | Killed a yak
  7981 | D:6      | Reached skill level 6 in Air Magic
  7981 | D:6      | Reached XP level 9. HP: 52/52 MP: 15/19
  9324 | D:7      | Reached skill level 7 in Air Magic
  9611 | D:7      | Reached * piety under the Shining One
 10344 | D:8      | Reached skill level 8 in Air Magic
 10416 | D:8      | Found a flagged portal.
 10444 | Bailey   | Entered a bailey
 10451 | Bailey   | Reached skill level 5 in Dodging
 10590 | Bailey   | Reached skill level 1 in Polearms
 10699 | Bailey   | HP: 1/52 [gnoll sergeant/+0 halberd (14)]
 10703 | Bailey   | Slain by a wolf

Illustrated notes

Levels and vault maps discovered:
D:1:      wander_arrival_fairy_ring, layout_rooms
D:2:      layout_loops_ring, serial_shops, shop_statue
D:3:      layout_rooms, dilly_ecumenical_altar_fadedgnrine, dk_noncrumbling_3,
          nicolae_titane
D:4:      layout_loops_ring, gammafunk_temple_overflow_elements,
          kennysheep_windowed_goal, uniq_grinder
D:5:      layout_loops_ring, mainiacjoe_overflow_catwalk,
          minmay_temple_entry_poolview, sigmund_edmund_badplayer
D:6:      layout_basic, serial_shops, shop, hangedman_decor_peaks_small,
          uniq_sigmund
D:7:      layout_basic
D:8:      layout_loops_cross, nicolae_overflow_hidden_temple, erik_lair_island,
          enter_bailey_2, hangedman_ranch
Temple:   eino_temple_scatter_basement
Bailey:   bailey_polearm_gnolls_kennysheep, bailey

Skill      XL: |  1  2  3  4  5  6  7  8  9 |
---------------+----------------------------+-----
Summonings     | 5 6 7 |  7.7
Spellcasting   | 3 4 6 7 |  7.6
Fighting       | 1 2 3 4 |  4.7
Dodging        | 3 4 5 |  5.2
Translocations | 1 2 |  2.0
Air Magic      | 2 6 8 |  8.2
Polearms       | 1 |  1.4
Stealth        | |  2.0

Action                   |  1- 3 |  4- 6 |  7- 9 || total
-------------------------+-------+-------+-------++-------
Melee: Unarmed           |     8 |       |       ||     8
       Kick              |     6 |    11 |    14 ||    31
       Peck              |     2 |     2 |     6 ||    10
       Dagger            |     6 |    26 |    16 ||    48
       Halberd           |       |       |    80 ||    80
 Cast: Summon Small Mamm |    60 |    52 |    71 ||   183
       Call Imp          |    19 |    26 |    17 ||    62
       Call Canine Famil |     1 |    13 |    52 ||    66
       Summon Lightning  |       |       |    16 ||    16
  Use: Scroll            |       |     4 |     3 ||     7
 Stab: Sleeping          |     1 |       |       ||     1
       Distracted        |       |     1 |       ||     1
Armor: Robe              |     6 |       |       ||     6
       Leather armour    |       |     2 |    11 ||    13
Dodge: Dodged            |    22 |    21 |    75 ||   118
